 Dungeon Crawl Stone Soup version 0.29.0-11-gd7f09526c8 (webtiles) character file.

Game seed: 386276539870863761

60 blackman the Sneak (level 3, 0/43 HPs)
             Began as a Demonspawn Delver on Sept 3, 2022.
             Succumbed to a water moccasin's poison
             ... on level 4 of the Dungeon.
             The game lasted 00:06:32 (1221 turns).

blackman the Sneak (Demonspawn Delver)              Turns: 1221, Time: 00:06:32

Health: 0/43       AC: 21    Str: 14    XL:     3   Next: 80%
Magic:  3/3        EV:  2    Int: 11    God:
Gold:   68         SH:  0    Dex: 14    Spells: 2/2 levels left

rFire   . . .      SeeInvis .   e - +2 dagger (flame)
rCold   . . .      Faith    .   (no shield)
rNeg    . . .      Spirit   .   (body armour currently unavailable)
rPois   +          Reflect  .   (helmet currently unavailable)
rElec   .          Harm     .   (cloak currently unavailable)
rCorr   .          Rampage  .   (gloves currently unavailable)
Will    .....      NoTele   +   (boots currently unavailable)
Stlth   +++.......              (no amulet)
HPRegen 0.14/turn               (no ring)
MPRegen 0.08/turn               (no ring)

@: lethally poisoned (0 -> -19), tree-form, hasted, very quick
A: stationary, stasis, torment immunity, boosted hp, demonic guardian 2
a: no special abilities


You were on level 4 of the Dungeon.
You were a tree.
You visited 1 branch of the dungeon, and saw 4 of its levels.

You collected 68 gold pieces.

Inventory:

Hand Weapons
 a - a +0 hand axe
 e - a +2 dagger of flaming (weapon)
 j - a +0 war axe
Missiles
 c - 13 stones (quivered)
Armour
 b - a +0 leather armour (melded)
Wands
 g - a wand of digging (2)
Scrolls
 h - a scroll of torment {unknown}


   Skills:
 - Level 3.0 Fighting
 + Level 3.8 Axes
 - Level 1.7 Dodging
 - Level 4.5 Stealth


You had 2 spell levels left.
You didn't know any spells.
Your spell library was empty.

Dungeon Overview and Level Annotations

Branches:
Dungeon (7/15)
 Temple: D:4-7

Altars:


Innate Abilities, Weirdness & Mutations

You are a tree.
Your roots penetrate the ground, keeping you stationary.
You cannot be teleported.
You are immune to unholy pain and torment.
Your maximum health is greatly increased.
Your equipment is partially melded.
A demonic guardian rushes to your aid.


Message History

The water moccasin bites you.
A demonic guardian appears!
You climb upwards.
Your summoned ally is left behind.
There is a stone staircase leading down here.
You completely miss the water moccasin. The water moccasin bites you.
You are poisoned.
The water moccasin poisons you!
You hit the water moccasin. You burn the water moccasin.
The water moccasin is lightly wounded.
You feel sick.
The water moccasin barely misses you. x2
You feel yourself speed up.
You feel sick. The water moccasin bites you!
You are lethally poisoned!
The water moccasin poisons you!
It was a potion of heal wounds.
You feel much better.
You feel very sick. The water moccasin barely misses you.
You barely miss the water moccasin.
The water moccasin is lightly wounded.
You feel very sick. The water moccasin bites you.
You are more poisoned.
The water moccasin poisons you!
You barely miss the water moccasin.
The water moccasin is lightly wounded.
* * * LOW HITPOINT WARNING * * *
You feel very sick. The water moccasin closely misses you.
It was a potion of lignification.
You turn into a tree.
Your +0 leather armour melds into your body.
Your roots penetrate the ground.
* * * LOW HITPOINT WARNING * * *
You feel very sick.
The water moccasin bites you but does no damage.
You miss the water moccasin.
The water moccasin is lightly wounded.
* * * LOW HITPOINT WARNING * * *
You feel very sick.
The water moccasin bites you but does no damage.
You miss the water moccasin.
The water moccasin is lightly wounded.
You die...

.## ....###
......S####
#....♣..#
####......#
###.....#
###.## #


You could see a water moccasin.

Vanquished Creatures
  An orc priest (D:6)
  An adder (D:6)
  7 orcs (D:6)
9 creatures vanquished.

Vanquished Creatures (collateral kills)
  4 orcs (D:6)
4 creatures vanquished.

Grand Total: 13 creatures vanquished

Notes
Turn   | Place    | Note
-------+----------+-------------------------------------------
     0 | D:5      | blackman the Demonspawn Delver began the quest for the Orb.
     0 | D:5      | Reached XP level 1. HP: 18/18 MP: 1/1
    68 | D:5      | Noticed a water moccasin
   124 | D:6      | Gained mutation: A weak demonic guardian rushes to your
                  | aid. [demonic ancestry]
   124 | D:6      | Reached XP level 2. HP: 4/24 MP: 2/2
   594 | D:6      | Gained mutation: A demonic guardian rushes to your aid.
                  | [demonic ancestry]
   594 | D:6      | Reached XP level 3. HP: 6/29 MP: 3/3
  1035 | D:7      | Noticed a black bear
  1221 | D:4      | Succumbed to a water moccasin's poison

Illustrated notes

Levels and vault maps discovered:
D:4:      layout_cave_pods, nicolae_gozag_zags_fifth_avenue, serial_shops,
          nicolae_shop_waterfront, minivault_26, uniq_sigmund
D:5:      layout_cave_pools, guppyfry_early_lair_pool, uniq_pikel
D:6:      layout_loops_ring
D:7:      layout_loops_ring, minmay_temple_entry_poolview, enter_bailey_5,
          biasface_ghost_orc_armoury, amcnicky_mini_rare_corridor_liquid,
          minmay_misc_feat_plants, uniq_duvessa

Skill      XL: |  1  2 |
---------------+-------+-----
Axes           | 2 3 |  3.8
Fighting       | |  3.0
Dodging        | |  1.7
Stealth        | |  4.5

Action                   || total
-------------------------++-------
Melee: Hand axe          ||    10
       Dagger            ||    21
Evoke: Wand              ||     1
  Use: Potion            ||     6
       Scroll            ||     5
 Stab: Distracted        ||     1
Armor: Leather armour    ||     2
       Skin              ||     2
Dodge: Dodged            ||    23
